 Seeded DCSS version 0.29.1-15-g9cfb28693d (webtiles) character file.

Game seed: 11851575853161599096 (custom seed)

2188 Sanktem7 the Blocker (level 9, -4/71 HPs)
             Began as a Formicid Fighter on Mar 17, 2023.
             Was an Initiate of Okawaru.
             Slain by Sanktem7's ghost (7 damage)
             ... on level 7 of the Dungeon.
             The game lasted 00:10:19 (6855 turns).

Sanktem7 the Blocker (Formicid Fighter)             Turns: 6855, Time: 00:10:20

Health: -4/71      AC: 28    Str: 25    XL:     9   Next: 59%
Magic:  9/9        EV: 11    Int:  8    God:    Okawaru [......]
Gold:   346        SH:  6    Dex: 13    Spells: 8/8 levels left

rFire   . . .      SeeInvis +   a - +0 war axe {axe}
rCold   . . .      Faith    .   c - +0 buckler
rNeg    . . .      Spirit   .   o - +15 Maxwell's patent armour {-Cast -Tele rElec Will+ rCorr}
rPois   .          Reflect  .   (helmet unavailable)
rElec   +          Harm     .   (no cloak)
rCorr   +          Rampage  .   (no gloves)
Will    +....      NoCast   +   (no boots)
Stlth   ..........              (no amulet)
HPRegen 0.21/turn               i - +4 ring of evasion
MPRegen 0.11/turn               x - +4 ring of slaying

@: no status effects
A: permanent stasis, dig shafts and tunnels, antennae 3, four strong arms
a: Dig, Shaft Self, Renounce Religion


You were on level 7 of the Dungeon.
You worshipped Okawaru.
Okawaru was noncommittal.
You visited 1 branch of the dungeon, and saw 7 of its levels.

You collected 346 gold pieces.


Innate Abilities, Weirdness & Mutations

You cannot be hasted, slowed, berserked, paralysed or teleported.
You can dig through walls and to a lower floor.
You have a pair of large antennae on your head. (SInv)
Your four strong arms can wield two-handed weapons with a shield.


   Skills:
 + Level 6.8 Fighting
 * Level 7.9 Axes
 + Level 6.7 Armour
 + Level 8.1 Shields
 + Level 0.0 Invocations


You had 8 spell levels left.
You didn't know any spells.
Your spell library contained the following spells:

 Spells                   Type           Power      Damage    Failure   Level
 Shock                    Conj/Air       0%         1d3       100%        1
 Static Discharge         Conj/Air       0%         3-3/arc   100%        2
 Airstrike                Air            0%         2d(0-16)  100%        4
 Alistair's Intoxication  Tmut/Pois      0%         N/A       100%        5
 Borgnjor's Vile Clutch   Necr/Erth      0%         N/A       100%        5
 Iskenderun's Battlesphe  Conj           0%         2d6       100%        5
 Lightning Bolt           Conj/Air       0%         1d11      100%        5
 Eringya's Noxious Bog    Tmut/Pois      0%         N/A       100%        6
 Iron Shot                Conj/Erth      0%         9d1       100%        6
 Maxwell's Capacitive Co  Air            0%         ∞         100%        8
 Swiftness                Air            Unusable   N/A       N/A         3
 Spellforged Servitor     Conj/Summ      Unusable   N/A       N/A         7

Inventory:

Hand Weapons
 a - a +0 war axe (weapon) {axe}
 z - a +1 flail of protection {mace}
   (You took it off an orc on level 5 of the Dungeon)
 C - a +1 vampiric dagger {short}
   (You took it off a kobold on level 6 of the Dungeon)
 I - a +0 dagger of protection {short}
   (You took it off Duvessa on level 7 of the Dungeon)
 J - a +2 dagger of protection {short}
   (You took it off a kobold brigand on level 7 of the Dungeon)
 K - a +0 whip of venom {mace}
   (You took it off a kobold on level 7 of the Dungeon)
 M - a +1 sling of flaming
   (You took it off Joseph on level 7 of the Dungeon)
Missiles
 h - 5 boomerangs {throwing}
 l - 19 poisoned darts {throwing}
 n - 68 stones {throwing}
 D - 2 curare-tipped darts {=fthrowing}
Armour
 c - a +0 buckler (worn)
 o - the +15 Maxwell's patent armour (worn) {-Cast -Tele rElec Will+ rCorr}
   (You found it on level 3 of the Dungeon)

   rElec:     It insulates you from electricity.
   -Cast:     It prevents spellcasting.
   -Tele:     It prevents most forms of teleportation.
   rCorr:     It protects you from acid and corrosion.
   Will:      It increases your willpower.
 L - the +1 scale mail of Varoxzih {+Blink Int+5}
   (You took it off a gnoll on level 7 of the Dungeon)

   Int:       It affects your intelligence (+5).
   +Blink:    It lets you blink.
Magical Staves
 k - a staff of poison {!astaff}
   (You found it on level 2 of the Dungeon)
Jewellery
 i - a +4 ring of evasion (left hand)
   (You found it on level 2 of the Dungeon)
 x - a +4 ring of slaying (right hand)
   (You found it on level 1 of the Dungeon)
 N - the amulet "Kisy" {Reflect Int+4 SH+5}
   (You took it off Joseph on level 7 of the Dungeon)

   [amulet of reflection]

   It reflects blocked missile attacks.
   Int:       It affects your intelligence (+4).
   SH:        It affects your SH (+5).
 O - a +6 ring of strength
   (You found it on level 7 of the Dungeon)
Wands
 b - a wand of paralysis (21)
   (You found it on level 4 of the Dungeon)
 F - a wand of flame (49)
   (You found it on level 6 of the Dungeon)
Scrolls
 j - 5 scrolls of teleportation {unknown}
 q - a scroll of fog {unknown}
 r - 2 scrolls of blinking {unknown}
 s - a scroll of enchant weapon {unknown}
 t - 2 scrolls of poison {unknown}
 v - 3 scrolls of identify {unknown}
 w - 2 scrolls of noise {unknown}
 y - 2 scrolls of enchant armour {unknown}
 B - a scroll of acquirement {unknown}
 H - a scroll of magic mapping {unknown}
Potions
 d - 2 potions of might
 e - 6 potions of curing {@q1}
 f - 5 potions of haste {unknown}
 g - 3 potions of brilliance {unknown}
 m - 2 potions of flight {unknown}
 p - 2 potions of berserk rage {unknown}
 u - 3 potions of mutation {unknown}
 A - a potion of heal wounds {unknown}
 E - a potion of lignification {unknown}
 G - a potion of invisibility

Dungeon Overview and Level Annotations

Branches:
Dungeon (7/15) Zot: 25813  Temple (0/1) D:5

Altars:
Okawaru
Uskayaw
Wu Jian

Shops:
D:4 [   D:5 [   D:7 *

Annotations:
D:7 Sanktem7's ghost, novice MiFi

##..#..........##⌠##...##
##.##.........##...##...#
.#.##........##.....##..#
....+........#⌠.?♣!.⌠#..#
..###........##.....##..#
.#............##...##...#
.+.....#.###...##.##...######
.#.#####.##.....#W#.........#
.........##.....@....######.#
...########.........## #.#
..........+.....#..## #.#
##.....####........# #.#
.......'..#.....#### #.#
##.....##.##....# #.#
..#######.##.###### #.# #.#
#.##......# #.# #.#
#.#######.# #.#


You could see Sanktem7's ghost.


Message History

You block the bullfrog's attack.
You barely miss the bullfrog.
The bullfrog hits you but does no damage.
You closely miss the bullfrog. The bullfrog completely misses you.
The bullfrog closely misses you.
You slash the bullfrog! You block the bullfrog's attack.
The bullfrog hits you. 😕 HP[-6]
You take 6 damage, and now have 65/71 hp.
You closely miss the bullfrog.
The bullfrog hits you but does no damage.
You slash the bullfrog!
You kill the bullfrog!
Okawaru accepts your kill.
You open the door.
There is an open door here.
There is a stone staircase leading down here.
You see here a +2 leather armour of positive energy. 😎 HP[+6]
Your hp is fully restored (71).
There is an open door here.
There is an open door here.
There is an open door here.
Key pressed, stopping explore.
There is an open door here.
There is a stone staircase leading up here.
Sanktem7's ghost turns its malevolent gaze towards you.
Could not explore, unopened runed door.
You open the door.
You hit Sanktem7's ghost but do no damage.
Sanktem7's ghost hits you but does no damage.
You barely miss Sanktem7's ghost.
Sanktem7's ghost hits you but does no damage.
You closely miss Sanktem7's ghost.
Sanktem7's ghost hits you but does no damage.
You barely miss Sanktem7's ghost. Sanktem7's ghost hits you!
Sanktem7's ghost burns you. 😕 HP[-10]
You take 10 damage, and now have 61/71 hp.
You hit Sanktem7's ghost but do no damage.
Sanktem7's ghost hits you. Sanktem7's ghost burns you. 😕 HP[-2]
You take 2 damage, and now have 59/71 hp.
You closely miss Sanktem7's ghost.
Sanktem7's ghost closely misses you. 😕 HP[+1]
You hit Sanktem7's ghost but do no damage.
Sanktem7's ghost hits you but does no damage.
You hit Sanktem7's ghost but do no damage.
You block Sanktem7's ghost's attack. Sanktem7's ghost hits you.
Sanktem7's ghost burns you. 😮 HP[-8]
You take 8 damage, and now have 52/71 hp.
You slash Sanktem7's ghost! Sanktem7's ghost hits you!
Sanktem7's ghost burns you.
* * * LOW HITPOINT WARNING * * *
😨 HP[-18]
You take 18 damage, and now have 34/71 hp.
MASSIVE DAMAGE!! (PAUSE)
You hit Sanktem7's ghost. Sanktem7's ghost hits you.
* * * LOW HITPOINT WARNING * * *
Sanktem7's ghost burns you.
* * * LOW HITPOINT WARNING * * *
😨 HP[-4]
You take 4 damage, and now have 30/71 hp.
You hit Sanktem7's ghost but do no damage.
Sanktem7's ghost hits you!
* * * LOW HITPOINT WARNING * * *
Sanktem7's ghost burns you.
* * * LOW HITPOINT WARNING * * *
😱 HP[-15]
You take 15 damage, and now have 15/71 hp.
MASSIVE DAMAGE!! (PAUSE)
You slash Sanktem7's ghost!
Sanktem7's ghost keens inconsolably.
Sanktem7's ghost closely misses you.
You hit Sanktem7's ghost but do no damage.
You block Sanktem7's ghost's attack.
You slash Sanktem7's ghost!
Sanktem7's ghost hits you but does no damage.
You hit Sanktem7's ghost. Sanktem7's ghost hits you.
* * * LOW HITPOINT WARNING * * *
Sanktem7's ghost burns you.
* * * LOW HITPOINT WARNING * * *
😱 HP[-6]
You take 6 damage, and now have 9/71 hp.
You hit Sanktem7's ghost.
Sanktem7's ghost hits you but does no damage.
You hit Sanktem7's ghost but do no damage.
Sanktem7's ghost hits you but does no damage. x2
You hit Sanktem7's ghost. You block Sanktem7's ghost's attack.
You barely miss Sanktem7's ghost.
Sanktem7's ghost says, "I'll split you in two!"
Sanktem7's ghost hits you.
* * * LOW HITPOINT WARNING * * *
Sanktem7's ghost burns you.
* * * LOW HITPOINT WARNING * * *
😱 HP[-6]
You take 6 damage, and now have 3/71 hp.
Sanktem7's ghost attacks as you move away!
Sanktem7's ghost hits you!
You die...

Skill      XL: |  1  2  3  4  5  6  7  8  9 |
---------------+----------------------------+-----
Axes           | 3 4 5 6 7 |  7.9
Fighting       | 4 5 6 |  6.8
Armour         | 4 5 6 |  6.7
Shields        | 5 6 7 8 |  8.1

Action                   |  1- 3 |  4- 6 |  7- 9 || total
-------------------------+-------+-------+-------++-------
Melee: War axe           |    48 |   177 |   219 ||   444
Armor: Scale mail        |    31 |    20 |       ||    51
       Plate armour      |       |   114 |   113 ||   227
Dodge: Dodged            |    34 |    80 |   102 ||   216
Block: Buckler           |    20 |    58 |    72 ||   150

Levels and vault maps discovered:
D:1:      lightli_iron_boxes, layout_basic
D:2:      layout_rooms, shapermc_ecumenical_altar_flowoftime
D:3:      layout_basic, uniq_natasha
D:4:      layout_rooms, serial_shops, nicolae_take_the_stairs,
          uniq_blork_the_orc
D:5:      layout_basic, minmay_temple_entry_stoned_glass, serial_shops,
          nicolae_lakefront_shop, grunt_ministairs_2,
          minmay_misc_feat_more_columns, kennysheep_generic_room_15
D:6:      layout_basic, serial_rivers, chequers_serial_rivers_small_a,
          chequers_serial_rivers_micro_c, chequers_serial_rivers_micro_d,
          chequers_serial_rivers_micro_b, chequers_serial_rivers_small_a
D:7:      layout_basic, chequers_temple_overflow_statue_of_worship,
          serial_shops, shop_statue, hellmonk_ghost_happy_afterlife,
          uniq_duvessa, uniq_joseph

Notes
Turn   | Place    | Note
-------+----------+-------------------------------------------
     0 | D:1      | Sanktem7 the Formicid Fighter began the quest for the Orb.
     0 | D:1      | Reached XP level 1. HP: 18/18 MP: 1/1
     0 | D:1      | magus.rc [v1.9.6]
    10 | D:1      | You fall into a shaft and drop 1 floor!
   230 | D:2      | Reached XP level 2. HP: 24/24 MP: 2/2
   322 | D:2      | Found a faded altar of an unknown god.
   550 | D:2      | Reached XP level 3. HP: 29/29 MP: 3/3
   678 | D:3      | Noticed Natasha
   684 | D:3      | Killed Natasha
   816 | D:3      | Reached XP level 4. HP: 37/37 MP: 4/4
   823 | D:3      | Reached skill level 3 in Axes
   836 | D:3      | HP: 8/37 [orc/+0 mace (4)]
  1266 | D:3      | Found the +15 Maxwell's patent armour {-Cast -Tele rElec
                  | Will+ rCorr}
  1399 | D:3      | Noticed Natasha
  1416 | D:3      | Killed Natasha
  1596 | D:3      | You pick up a book of Air and begin reading...
  1596 | D:3      | You add the spells Shock and Airstrike to your library.
  1837 | D:4      | Noticed Blork the orc
  1843 | D:4      | Reached XP level 5. HP: 42/42 MP: 5/5
  1855 | D:4      | Killed Blork the orc
  1856 | D:4      | Reached skill level 4 in Fighting
  1856 | D:4      | Reached skill level 4 in Armour
  1856 | D:4      | Reached skill level 5 in Shields
  1858 | D:4      | Reached XP level 6. HP: 25/48 MP: 6/6
  2107 | D:4      | Reached skill level 4 in Axes
  2206 | D:4      | Found Kagucra's Armour Boutique.
  3052 | D:1      | You pick up a book of Power and begin reading...
  3052 | D:1      | You add the spells Iskenderun's Battlesphere, Iron Shot and
                  | Spellforged Servitor to your library.
  3203 | D:1      | Reached XP level 7. HP: 55/55 MP: 7/7
  3289 | D:3      | Noticed Natasha
  3293 | D:3      | Killed Natasha
  3339 | D:5      | Entered Level 5 of the Dungeon
  3507 | D:5      | Found a staircase to the Ecumenical Temple.
  3577 | D:5      | Reached skill level 5 in Axes
  3669 | D:5      | Reached skill level 5 in Fighting
  3743 | D:5      | Reached skill level 5 in Armour
  3743 | D:5      | Reached skill level 6 in Shields
  3747 | D:5      | HP: 13/56 [orc priest/divine providence (12)]
  3750 | D:5      | Reached XP level 8. HP: 14/62 MP: 8/8
  3995 | D:5      | Found Ozadgha's Antique Armour Boutique.
  4393 | D:5      | You add the spells Alistair's Intoxication, Borgnjor's Vile
                  | Clutch and Eringya's Noxious Bog to your library.
  4694 | D:6      | Reached skill level 6 in Axes
  4805 | D:6      | You pick up a book of Lightning and begin reading...
  4805 | D:6      | You add the spells Static Discharge, Lightning Bolt and
                  | Maxwell's Capacitive Coupling to your library.
  5692 | D:7      | Reached skill level 7 in Shields
  5773 | D:7      | Reached skill level 6 in Fighting
  5773 | D:7      | Reached skill level 6 in Armour
  5773 | D:7      | Reached XP level 9. HP: 61/69 MP: 9/9
  5776 | D:7      | Reached skill level 7 in Axes
  5782 | D:7      | Identified the +1 scale mail of Varoxzih {+Blink Int+5}
  5784 | D:7      | Found Cyud's General Store.
  5900 | D:7      | Noticed Duvessa
  5901 | D:7      | Noticed Dowan
  5911 | D:7      | Killed Duvessa
  5920 | D:7      | Killed Dowan
  5964 | D:7      | Identified the amulet "Kisy" {Reflect Int+4 SH+5}
  5964 | D:7      | Noticed Joseph
  5981 | D:7      | Killed Joseph
  6061 | D:7      | Reached skill level 8 in Shields
  6156 | D:7      | Found an iron altar of Okawaru.
  6157 | D:7      | Found a hide-covered altar of Uskayaw.
  6157 | D:7      | Found an ornate altar of the Wu Jian Council.
  6164 | D:7      | Became a worshipper of Warmaster Okawaru
  6342 | D:7      | Found a runed translucent door.
  6342 | D:7      | Noticed Sanktem7's ghost (novice MiFi)
  6846 | D:7      | HP: 15/71 [Sanktem7's ghost (3)]
  6854 | D:7      | HP: 4/71 [Sanktem7's ghost (6)]
  6855 | D:7      | Slain by Sanktem7's ghost

Vanquished Creatures
  Joseph (D:7)
  Duvessa (D:7)
  A sky beast (D:7)
  3 ogres
  2 kobold brigands
  A phantom (D:4)
  Blork the orc (D:4)
  2 bullfrogs (D:7)
  A necrophage (D:6)
  2 scorpions
  Dowan (D:7)
  3 howler monkeys (D:7)
  3 jellies
  An orc priest (D:5)
  4 hounds
  A gnoll bouda (D:7)
  4 orc wizards
  2 iguanas (D:5)
  Natasha (thrice) (D:3)
  5 adders
  5 gnolls
  A shadow imp (D:7)
  A white imp (D:6)
  3 dart slugs
  23 orcs
  7 bats
  9 endoplasms
  4 giant cockroaches
  9 goblins
  6 hobgoblins
  7 jackals
  14 kobolds
  4 quokkas
  8 ball pythons
  2 frilled lizards
145 creatures vanquished.

Table legend:
 A = Non-vault XP
 B = Vault XP
 C = Vault XP percentage of total XP
 D = Non-vault monster count
 E = Vault monster count
 F = Vault count percentage of total count
                 A         B        C        D         E       F
            +---------+---------+-------+---------+---------+-------
      Total |    2337 |     789 |  25.2 |     135 |       9 |   6.2
            +---------+---------+-------+---------+---------+-------
        D:1 |      64 |       0 |   0.0 |      26 |       0 |   0.0
        D:2 |      32 |       0 |   0.0 |      17 |       0 |   0.0
        D:3 |      92 |      35 |  27.6 |      12 |       1 |   7.7
        D:4 |     249 |      91 |  26.8 |      24 |       1 |   4.0
        D:5 |     582 |      59 |   9.2 |      17 |       4 |  19.0
        D:6 |     493 |       0 |   0.0 |      15 |       0 |   0.0
        D:7 |     825 |     604 |  42.3 |      24 |       3 |  11.1
            +---------+---------+-------+---------+---------+-------

Illustrated notes

Table legend:
 A = Kills in this place as a percentage of kills in entire the game.
 B = Kills by you in this place as a percentage of kills by you in the entire game.
 C = Kills by friends in this place as a percentage of kills by friends in the entire game.
 D = Other kills in this place as a percentage of other kills in the entire game.
 E = Experience gained in this place as a percentage of experience gained in the entire game.
 F = Experience gained in this place divided by the number of levels of this place that you have seen.
                   A       B       C       D       E      F
               +-------+-------+-------+-------+-------+----------------------
         Total | 100.0 | 100.0 |   N/A |   N/A | 100.0 | 446.6
       Dungeon | 100.0 | 100.0 |   N/A |   N/A | 100.0 | 446.6
               +-------+-------+-------+-------+-------+----------------------

Table legend: (Time is in decaauts)
 A = Elapsed time spent in this place.
 B = Non-inter-level travel time spent in this place.
 C = Inter-level travel time spent in this place.
 D = Time resting spent in this place.
 E = Time spent auto-exploring this place.
 F = Levels seen in this place.
 G = Mean time per level.
                   A        B        C        D        E       F      G
               +--------+--------+--------+--------+--------+-----+--------+
         Total |   6989 |   6774 |    215 |      0 |   5759 |   7 |  998.4 |
       Dungeon |   6989 |   6774 |    215 |      0 |   5759 |   7 |  998.4 |
               +--------+--------+--------+--------+--------+-----+--------+

Top non-repeatable levels by time:
     D:5: 1311 daAuts
     D:3: 1222 daAuts
     D:7: 1186 daAuts
     D:6: 1071 daAuts
     D:4: 877 daAuts
     D:2: 717 daAuts
     D:1: 603 daAuts
